 Dungeon Crawl Stone Soup version 0.30-a0-29-g142975f185 (webtiles) character file.

Game seed: 8990485836612814514

611 ytrimaz the Chopper (level 7, -1/52 HPs)
             Began as a Demonspawn Fighter on Aug 26, 2022.
             Slain by a gnoll
             ... wielding a +0 flail
              (5 damage)
             ... on level 4 of the Dungeon.
             The game lasted 00:03:02 (2919 turns).

ytrimaz the Chopper (Demonspawn Fighter)            Turns: 2919, Time: 00:03:03

Health: -1/52      AC: 15    Str: 18    XL:     7   Next: 20%
Magic:  7/7        EV:  6    Int:  9    God:
Gold:   192        SH:  5    Dex: 19    Spells: 6/6 levels left

rFire   . . .      SeeInvis .    a - +0 war axe
rCold   . . .      Faith    .    c - +0 buckler
rNeg    . . .      Spirit   .    e - +0 chain mail
rPois   .          Reflect  .    (no helmet)
rElec   .          Harm     .    q - +0 cloak
rCorr   .          Rampage  .    g - +0 pair of gloves
Will    .....                    j - +1 pair of boots
Stlth   ..........               l - amulet of regeneration
HPRegen 0.97/turn                d - +6 ring of dexterity
MPRegen 0.20/turn                (no ring)

@: no status effects
A: molten scales 1, powered by death 1, magic regeneration, demonic touch 1
a: no special abilities


You were on level 4 of the Dungeon.
You visited 1 branch of the dungeon, and saw 4 of its levels.

You collected 192 gold pieces.

Inventory:

Hand Weapons
 a - a +0 war axe (weapon)
Missiles
 r - 6 boomerangs (quivered)
Armour
 c - a +0 buckler (worn)
 e - a +0 chain mail (worn)
 g - a +0 pair of gloves (worn)
 j - a +1 pair of boots (worn)
 q - a +0 cloak (worn)
Jewellery
 d - a +6 ring of dexterity (left hand)
 l - an amulet of regeneration (around neck)
 n - a ring of fire
Scrolls
 b - a scroll of immolation
 i - a scroll of teleportation
 k - a scroll of enchant armour
 s - a scroll of blinking
Potions
 m - 2 potions of curing
 o - a potion of attraction {unknown}
 p - a potion of flight {unknown}


   Skills:
 - Level 3.1 Fighting
 + Level 7.0 Axes
 - Level 3.0 Armour
 - Level 2.8 Shields


You had 6 spell levels left.
You didn't know any spells.
Your spell library contained the following spells:

 Spells                   Type           Power      Damage    Failure   Level
 Apportation              Tloc           0%         N/A       100%        1
 Alistair's Intoxication  Tmut/Pois      0%         N/A       100%        5


Dungeon Overview and Level Annotations

Branches:
Dungeon (4/15)
 Temple: D:4-7

Altars:
Gozag
Sif Muna


Innate Abilities, Weirdness & Mutations

You are partially covered in molten scales. (AC +2)
You regenerate a little health from kills.
You regenerate magic rapidly.
Your touch may inflict minor irresistible damage on your foes.


Message History

Your hound bites the gnoll.
Unknown command.
You hit the ogre.
The ogre is lightly wounded.
You closely miss the gnoll.
You recover from your berserk rage.
Your hound bites the gnoll.
The gnoll hits your hound with a +0 spear!
The gnoll hits you from afar with a +0 halberd!
The gnoll closely misses your hound.
Your hound bites the gnoll.
You block the ogre's attack. The gnoll barely misses your hound.
The gnoll hits you but does no damage. The gnoll hits you with a +0 spear.
You block the gnoll's attack.
You barely miss the ogre.
The ogre is lightly wounded.
You slash the gnoll!
You kill the gnoll!
You slash the gnoll!
Your hound completely misses the ogre.
The gnoll barely misses you.
The gnoll hits your iguana but does no damage.
You block the gnoll's attack.
The ogre hits you with a +0 giant spiked club.
You hit the ogre.
The ogre is moderately wounded.
You barely miss the gnoll.
Your hound bites the ogre.
Your iguana bites the gnoll.
The gnoll hits you with a +0 flail! The gnoll closely misses your iguana.
You block the gnoll's attack.
Your hound bites the ogre.
Unknown command.
You completely miss the ogre.
The ogre is severely wounded.
You hit the gnoll.
The ogre hits you with a +0 giant spiked club!!
* * * LOW HITPOINT WARNING * * *
Your hound bites the ogre.
The gnoll hits your dart slug with a +0 whip.
The gnoll hits you from afar with a +0 halberd.
* * * LOW HITPOINT WARNING * * *
The gnoll hits you with a +0 flail.
You die...

#.....#.. ####'###..
#......... #.........
########### #.........
#.........# #.........
#.....gl..#####.......##
#.....hw..............#
#.....O@..............#
#....gg..[............#
#.#+######............#
#............#
#............#
#............#
#............#
#........... #..........


You could see an ogre (distracted, ally target), 3 gnolls, a friendly iguana
(summoned), a friendly hound (summoned) and a friendly dart slug (summoned).

Vanquished Creatures
  A steam dragon (D:4)
  3 scorpions
  A hound (D:4)
  A jelly (D:4)
  A gnoll (D:4)
  7 adders
  A worm (D:3)
  3 dart slugs
  7 orcs
  12 endoplasms
  4 giant cockroaches
  A goblin (D:3)
  8 hobgoblins
  6 kobolds
  2 quokkas
  11 ball pythons
  6 bats
  3 frilled lizards (D:1)
  7 rats
85 creatures vanquished.

Vanquished Creatures (collateral kills)
  An ogre (D:4)
1 creature vanquished.

Grand Total: 86 creatures vanquished

Notes
Turn   | Place    | Note
-------+----------+-------------------------------------------
     0 | D:1      | ytrimaz the Demonspawn Fighter began the quest for the Orb.
     0 | D:1      | Reached XP level 1. HP: 18/18 MP: 1/1
   516 | D:1      | Gained mutation: You regenerate magic rapidly. [demonic
                  | ancestry]
   516 | D:1      | Reached XP level 2. HP: 24/24 MP: 2/2
   582 | D:1      | Reached skill level 2 in Axes
  1204 | D:2      | Gained mutation: You regenerate a little health from kills.
                  | [demonic ancestry]
  1204 | D:2      | Reached XP level 3. HP: 26/29 MP: 3/3
  1449 | D:2      | Reached skill level 3 in Axes
  1522 | D:2      | Reached XP level 4. HP: 35/35 MP: 4/4
  2119 | D:3      | Noticed a scorpion
  2127 | D:3      | Killed a scorpion
  2128 | D:3      | Reached skill level 4 in Axes
  2128 | D:3      | Gained mutation: Your touch may inflict minor irresistible
                  | damage on your foes. [demonic ancestry]
  2128 | D:3      | Reached XP level 5. HP: 41/41 MP: 5/5
  2282 | D:3      | Found an opulent altar of Gozag.
  2675 | D:4      | Reached skill level 5 in Axes
  2692 | D:4      | Gained mutation: You are partially covered in molten
                  | scales. (AC +2) [demonic ancestry]
  2692 | D:4      | Reached XP level 6. HP: 47/47 MP: 6/6
  2718 | D:4      | Reached skill level 6 in Axes
  2799 | D:4      | Found a shimmering blue altar of Sif Muna.
  2869 | D:4      | Noticed a steam dragon
  2879 | D:4      | Killed a steam dragon
  2880 | D:4      | Reached skill level 7 in Axes
  2880 | D:4      | Reached XP level 7. HP: 52/52 MP: 7/7
  2911 | D:4      | Identified the +2 robe "Kuudiz" {SInv}
  2919 | D:4      | Slain by a gnoll

Illustrated notes

Levels and vault maps discovered:
D:1:      kilobyte_arrival_exit_the_forest, layout_rooms
D:2:      layout_basic
D:3:      minmay_wonky_spiral, layout_rooms, grunt_gozag_statues
D:4:      layout_gridville, overflow_temple_1_default, serial_bayou_pond_d

Skill      XL: |  1  2  3  4  5  6 |
---------------+-------------------+-----
Armour         | 3 |  3.0
Axes           | 2 3 4 5 7 |  7.0
Fighting       | |  3.1
Shields        | |  2.8

Action                   |  1- 3 |  4- 6 |  7- 9 || total
-------------------------+-------+-------+-------++-------
Melee: War axe           |   103 |   150 |     5 ||   258
  Use: Scroll            |     4 |     4 |     1 ||     9
       Potion            |       |     3 |       ||     3
Armor: Chain mail        |    83 |   116 |     3 ||   202
       Scale mail        |     4 |       |       ||     4
Dodge: Dodged            |    48 |    48 |     3 ||    99
Block: Buckler           |    31 |    33 |     4 ||    68

Table legend: (Time is in decaauts)
 A = Elapsed time spent in this place.
 B = Non-inter-level travel time spent in this place.
 C = Inter-level travel time spent in this place.
 D = Time resting spent in this place.
 E = Time spent auto-exploring this place.
 F = Levels seen in this place.
 G = Mean time per level.
                   A        B        C        D        E       F      G
               +--------+--------+--------+--------+--------+-----+--------+
         Total |   3026 |   2859 |    167 |      3 |   2097 |   4 |  756.5 |
       Dungeon |   3026 |   2859 |    167 |      3 |   2097 |   4 |  756.5 |
               +--------+--------+--------+--------+--------+-----+--------+

Top non-repeatable levels by time:
     D:1: 1150 daAuts
     D:2: 1007 daAuts
     D:3: 507 daAuts
     D:4: 361 daAuts
